TOP OF THE 1ST |
---|
Culver City Extras batting - Pitching for Moose Jaw Ghostbusters : RHP Bennett Greer | Pitching: RHP Bennett Greer | | Batting: RHB Horace Johnson | 0-0: Ball 1-0: Called Strike 1-1: Called Strike 1-2: SINGLE (Line Drive, 7LM) | Batting: LHB Jorge Martínez | 0-0: Ball 1-0: Foul Ball, location: 2F 1-1: Fly out, F8 (Flyball, 89S) | Batting: LHB Randy Wiggins | 0-0: Swinging Strike 0-1: Ball Horace Johnson steals 2nd base 1-1: Ball 2-1: SINGLE (Line Drive, 34) Horace Johnson to third | Batting: LHB Tony Smith | 0-0: Ball 1-0: Ball Randy Wiggins steals 2nd base 2-0: Foul Ball, location: 2F 2-1: Foul Ball, location: 2F 2-2: Ball 3-2: 3-RUN HOME RUN (Flyball, 9D), Distance : 357 ft | Batting: LHB Buddy Rice | 0-0: Ball 1-0: Fly out, F7 (Flyball, 78D) | Batting: LHB Richard Bell | 0-0: Fly out, F8 (Flyball, 8LD) | Top of the 1st over - 3 runs, 3 hits, 0 errors, 0 left on base; Culver City 3 - Moose Jaw 0 | BOTTOM OF THE 1ST |
---|
Moose Jaw Ghostbusters batting - Pitching for Culver City Extras : LHP Sebastián Cervantes | Pitching: LHP Sebastián Cervantes | | Batting: LHB Darren Holland | 0-0: Ball 1-0: Ball 2-0: Called Strike 2-1: Ball 3-1: Base on Balls | Batting: RHB Bob Cole | 0-0: Ball 1-0: Ball 2-0: Ball 3-0: Called Strike 3-1: Called Strike 3-2: SINGLE (Line Drive, 78S) Darren Holland to second Runner from 2nd tries for 3rd, OUT! | Batting: RHB Billy Mullins | 0-0: Called Strike 0-1: Foul Ball, location: 2F 0-2: Ball 1-2: Foul Ball, location: 2F 1-2: Foul Ball, location: 2F 1-2: Foul Ball, location: 2F 1-2: Ball 2-2: Ball 3-2: Base on Balls Bob Cole to second | Batting: RHB Yasuhiko Sumita | 0-0: Ball 1-0: Ball 2-0: Ball 3-0: Base on Balls Bob Cole to third Billy Mullins to second | Batting: LHB Jon Scott | 0-0: Called Strike 0-1: Called Strike 0-2: Strikes out swinging | Batting: SHB Martín Cruz | 0-0: Ball 1-0: Foul Ball, location: 2F 1-1: Called Strike 1-2: Ball 2-2: Foul Ball, location: 2F 2-2: Foul Ball, location: 2F 2-2: GRAND SLAM HOME RUN (Flyball, 78XD), Distance : 417 ft | Batting: LHB John Stone | 0-0: Called Strike 0-1: Ball 1-1: Swinging Strike 1-2: Foul Ball, location: 2F 1-2: Ball 2-2: Foul Ball, location: 2F 2-2: Ball 3-2: SINGLE (Groundball, 56D) | Batting: RHB Johnny MacNamara | 0-0: Ball 1-0: SINGLE (Line Drive, 4MD) John Stone to second | Batting: LHB Tony Beck | 0-0: Ball 1-0: Swinging Strike 1-1: Foul Ball, location: 2F 1-2: SINGLE (Flyball, 7S) John Stone to third Johnny MacNamara to second Runner from 3rd tries for Home, SAFE, throw made home | Batting: LHB Darren Holland | 0-0: Called Strike 0-1: Ball 1-1: Swinging Strike 1-2: Foul Ball, location: 2F 1-2: Ball 2-2: Ball 3-2: Base on Balls Johnny MacNamara to third Tony Beck to second | Batting: RHB Bob Cole | 0-0: Called Strike 0-1: Ball 1-1: Ground out 3-1 (Groundball, 34D) | Bottom of the 1st over - 5 runs, 5 hits, 0 errors, 3 left on base; Culver City 3 - Moose Jaw 5 | TOP OF THE 2ND |
---|
Culver City Extras batting - Pitching for Moose Jaw Ghostbusters : RHP Bennett Greer | Batting: RHB John Stevens | 0-0: Called Strike 0-1: Ball 1-1: Foul Ball, location: 2F 1-2: Fly out, F8 (Flyball, 89M) | Batting: RHB Marcos Liñares | 0-0: Called Strike 0-1: Fly out, F9 (Flyball, 9) | Batting: RHB Pancho Reyna | 0-0: Ball 1-0: Fly out, F7 (Line Drive, 7D) | Top of the 2nd over - 0 runs, 0 hits, 0 errors, 0 left on base; Culver City 3 - Moose Jaw 5 | BOTTOM OF THE 2ND |
---|
Moose Jaw Ghostbusters batting - Pitching for Culver City Extras : LHP Sebastián Cervantes | Batting: RHB Billy Mullins | 0-0: Ball 1-0: Foul Ball, location: 2F 1-1: Swinging Strike 1-2: Foul Ball, location: 2F 1-2: Ball 2-2: Ball 3-2: Ground out U3 (Groundball, 34) | Batting: RHB Yasuhiko Sumita | 0-0: Ball 1-0: Ball 2-0: Ground out 4-3 (Groundball, 4) | Batting: LHB Jon Scott | 0-0: Called Strike 0-1: Ball 1-1: Fly out, F8 (Flyball, 8RM) | Bottom of the 2nd over - 0 runs, 0 hits, 0 errors, 0 left on base; Culver City 3 - Moose Jaw 5 | TOP OF THE 3RD |
---|
Culver City Extras batting - Pitching for Moose Jaw Ghostbusters : RHP Bennett Greer | Batting: RHB Horace Johnson | 0-0: Called Strike 0-1: SINGLE (Groundball, 4MD) | Batting: LHB Jorge Martínez | 0-0: Ball 1-0: Foul Ball, location: 2F 1-1: Fielders Choice at 2nd, 4-6 (Groundball, 4M) | Batting: LHB Randy Wiggins | 0-0: Ball 1-0: Ball 2-0: Ball 3-0: Base on Balls Jorge Martínez to second | Batting: LHB Tony Smith | 0-0: Ball 1-0: Ball 2-0: Ball 3-0: Base on Balls Jorge Martínez to third Randy Wiggins to second | Batting: LHB Buddy Rice | 0-0: Ball 1-0: Fly out, F7 (Flyball, 78M) Runner from 3rd tags up, SCORES, no throw | Batting: LHB Richard Bell | 0-0: Foul Ball, location: 2F 0-1: Called Strike 0-2: Ball 1-2: Ground out 4-3 (Groundball, 4S) | Top of the 3rd over - 1 run, 1 hit, 0 errors, 2 left on base; Culver City 4 - Moose Jaw 5 | BOTTOM OF THE 3RD |
---|
Moose Jaw Ghostbusters batting - Pitching for Culver City Extras : LHP Sebastián Cervantes | Batting: SHB Martín Cruz | 0-0: Swinging Strike 0-1: Foul Ball, location: 2F 0-2: Foul Ball, location: 2F 0-2: Ball 1-2: Foul Ball, location: 2F 1-2: Strikes out looking | Batting: LHB John Stone | 0-0: Bunt for hit - play at first, batter safe! | Batting: RHB Johnny MacNamara | 0-0: Ball 1-0: Ball 2-0: Called Strike 2-1: Grounds into double play, 5-4-3 (Groundball, 56) | Bottom of the 3rd over - 0 runs, 1 hit, 0 errors, 0 left on base; Culver City 4 - Moose Jaw 5 | TOP OF THE 4TH |
---|
Culver City Extras batting - Pitching for Moose Jaw Ghostbusters : RHP Bennett Greer | Batting: RHB John Stevens | 0-0: Swinging Strike 0-1: Ball 1-1: Ball 2-1: Swinging Strike 2-2: Strikes out swinging | Batting: RHB Marcos Liñares | 0-0: Ball 1-0: Called Strike 1-1: Called Strike 1-2: Foul Ball, location: 2F 1-2: Ground out 4-3 (Groundball, 4) | Batting: RHB Pancho Reyna | 0-0: Fly out, F8 (Flyball, 89D) | Top of the 4th over - 0 runs, 0 hits, 0 errors, 0 left on base; Culver City 4 - Moose Jaw 5 | BOTTOM OF THE 4TH |
---|
Moose Jaw Ghostbusters batting - Pitching for Culver City Extras : LHP Sebastián Cervantes | Batting: LHB Tony Beck | 0-0: Foul Ball, location: 2F 0-1: Ball 1-1: Ground out 4-3 (Groundball, 4M) | Batting: LHB Darren Holland | 0-0: SINGLE (Groundball, 3D) | Batting: RHB Bob Cole | 0-0: Ball 1-0: Called Strike 1-1: Ground out 5-3 (Groundball, 56S) Darren Holland to second | Batting: RHB Billy Mullins | 0-0: Ball 1-0: Ball 2-0: Ball 3-0: Called Strike 3-1: Called Strike 3-2: Fly out, F8 (Flyball, 78XD) | Bottom of the 4th over - 0 runs, 1 hit, 0 errors, 1 left on base; Culver City 4 - Moose Jaw 5 | TOP OF THE 5TH |
---|
Culver City Extras batting - Pitching for Moose Jaw Ghostbusters : RHP Bennett Greer | Batting: RHB Horace Johnson | 0-0: Ball 1-0: Ball 2-0: Ball 3-0: Base on Balls | Batting: LHB Jorge Martínez | 0-0: Fly out, F7 (Line Drive, 7LM) | Batting: LHB Randy Wiggins | 0-0: Ball Horace Johnson steals 2nd base 1-0: Fly out, F7 (Flyball, 7LM) | Batting: LHB Tony Smith | 0-0: Swinging Strike 0-1: Ball 1-1: Ball 2-1: Ball 3-1: Foul Ball, location: 2F 3-2: SINGLE (Line Drive, 8RS) Horace Johnson to third Horace Johnson scores | Batting: LHB Buddy Rice | 0-0: Ball 1-0: Fly out, F8 (Flyball, 8LM) | Top of the 5th over - 1 run, 1 hit, 0 errors, 1 left on base; Culver City 5 - Moose Jaw 5 | BOTTOM OF THE 5TH |
---|
Moose Jaw Ghostbusters batting - Pitching for Culver City Extras : LHP Sebastián Cervantes | Batting: RHB Yasuhiko Sumita | 0-0: Ball 1-0: Swinging Strike 1-1: Foul Ball, location: 2F 1-2: Foul Ball, location: 2F 1-2: Strikes out looking | Batting: LHB Jon Scott | 0-0: Fly out, F9 (Flyball, 9LM) | Batting: SHB Martín Cruz | 0-0: Foul Ball, location: 2F 0-1: Ball 1-1: Ball 2-1: Ball 3-1: Base on Balls | Batting: LHB John Stone | 0-0: Called Strike 0-1: Ball 1-1: Ball 2-1: Ball 3-1: Base on Balls Martín Cruz to second | Pitching: LHP Alonso Álvarez | | Batting: RHB Johnny MacNamara | 0-0: SINGLE (Flyball, 9S) Martín Cruz to third John Stone to second Runner from 3rd tries for Home, SAFE, no throw | Batting: LHB Tony Beck | 0-0: Called Strike 0-1: Ball 1-1: Ball 2-1: Foul Ball, location: 2F 2-2: Foul Ball, location: 2F 2-2: Foul Ball, location: 2F 2-2: Ball 3-2: Foul Ball, location: 2F 3-2: Foul Ball, location: 2F 3-2: Ground out 6-3 (Groundball, 6M) | Bottom of the 5th over - 1 run, 1 hit, 0 errors, 2 left on base; Culver City 5 - Moose Jaw 6 | TOP OF THE 6TH |
---|
Culver City Extras batting - Pitching for Moose Jaw Ghostbusters : RHP Bennett Greer | Batting: LHB Richard Bell | 0-0: Fly out, F9 (Flyball, 9LM) | Batting: RHB John Stevens | 0-0: Called Strike 0-1: Ball 1-1: Foul Ball, location: 2F 1-2: Ball 2-2: Foul Ball, location: 2F 2-2: Foul Ball, location: 2F 2-2: Strikes out swinging, 2-3 out at first. | Batting: RHB Marcos Liñares | 0-0: Ball 1-0: Fly out, F9 (Flyball, 9D) | Top of the 6th over - 0 runs, 0 hits, 0 errors, 0 left on base; Culver City 5 - Moose Jaw 6 | BOTTOM OF THE 6TH |
---|
Moose Jaw Ghostbusters batting - Pitching for Culver City Extras : LHP Alonso Álvarez | Batting: LHB Darren Holland | 0-0: Called Strike 0-1: Ball 1-1: Ball 2-1: Swinging Strike 2-2: Foul Ball, location: 2F 2-2: Foul Ball, location: 2F 2-2: Ball 3-2: Foul Ball, location: 2F 3-2: Foul Ball, location: 2F 3-2: Foul Ball, location: 2F 3-2: Foul Ball, location: 2F 3-2: Foul Ball, location: 2F 3-2: Foul Ball, location: 2F 3-2: Strikes out swinging | Batting: RHB Bob Cole | 0-0: Ball 1-0: Ball 2-0: Ball 3-0: Base on Balls | Batting: RHB Billy Mullins | 0-0: Ball 1-0: Ball 2-0: Foul Ball, location: 2F 2-1: Foul Ball, location: 2F 2-2: SINGLE (Line Drive, 7S) Bob Cole to second | Batting: RHB Yasuhiko Sumita | 0-0: Called Strike 0-1: Swinging Strike 0-2: Ball 1-2: Ball 2-2: Ball 3-2: Base on Balls Bob Cole to third Billy Mullins to second | Batting: LHB Jon Scott | 0-0: Ball 1-0: Swinging Strike 1-1: Foul Ball, location: 2F 1-2: Strikes out swinging | Batting: SHB Martín Cruz | 0-0: Called Strike 0-1: Ball 1-1: Fly out, F9 (Flyball, 9LS) | Bottom of the 6th over - 0 runs, 1 hit, 0 errors, 3 left on base; Culver City 5 - Moose Jaw 6 | TOP OF THE 7TH |
---|
Culver City Extras batting - Pitching for Moose Jaw Ghostbusters : RHP Bennett Greer | Pitching: RHP Tom Fisher | | Batting: RHB Pancho Reyna | 0-0: Ball 1-0: Ball 2-0: SINGLE (Groundball, 56D) | Batting: RHB Horace Johnson | 0-0: Bunted foul 0-1: Bunted foul 0-2: 2-RUN HOME RUN (Flyball, 7LD), Distance : 352 ft | Pitching: LHP Teuk-chin Kim | | Batting: LHB Jorge Martínez | 0-0: Ball 1-0: Called Strike 1-1: Foul Ball, location: 2F 1-2: Strikes out swinging | Batting: LHB Randy Wiggins | 0-0: Ball 1-0: Ball 2-0: Ball 3-0: Called Strike 3-1: Called Strike 3-2: Base on Balls | Batting: LHB Tony Smith | 0-0: Ball 1-0: Ball 2-0: Called Strike 2-1: Called Strike 2-2: Ball 3-2: Strikes out swinging | Pinch Hitting: RHB Jason McIntosh | 0-0: Ball 1-0: Ball 2-0: Ball 3-0: Called Strike 3-1: Base on Balls Randy Wiggins to second | Pinch Hitting: RHB Jamie Swyers | 0-0: Called Strike 0-1: SINGLE (Flyball, 78S) Randy Wiggins to third Jason McIntosh to second Runner from 3rd tries for Home, throw and OUT! | Top of the 7th over - 2 runs, 3 hits, 0 errors, 2 left on base; Culver City 7 - Moose Jaw 6 | BOTTOM OF THE 7TH |
---|
Moose Jaw Ghostbusters batting - Pitching for Culver City Extras : LHP Alonso Álvarez | Now at 2B: Juan Carlos Mesa | | Now in RF: Joey Boyd | | Batting: LHB John Stone | 0-0: Called Strike 0-1: Swinging Strike 0-2: Ball 1-2: Ball 2-2: Ball 3-2: Base on Balls | Pinch Hitting: SHB Glenn Vadnais | 0-0: Sac Bunt - play at first, batter OUT! 1-4 John Stone to second | Batting: LHB Tony Beck | 0-0: Ball 1-0: Ball John Stone steals 3rd base 2-0: Foul Ball, location: 2F 2-1: Fly out, F7 (Flyball, 78D) Runner from 3rd tags up, SCORES, throw made | Pinch Hitting: RHB Aaron Murray | 0-0: Fly out, F4 (Popup, 4S) | Bottom of the 7th over - 1 run, 0 hits, 0 errors, 0 left on base; Culver City 7 - Moose Jaw 7 | TOP OF THE 8TH |
---|
Culver City Extras batting - Pitching for Moose Jaw Ghostbusters : LHP Teuk-chin Kim | Now at 3B: Aaron Murray | | Now in RF: Glenn Vadnais | | Batting: RHB John Stevens | 0-0: Ball 1-0: Called Strike 1-1: Ball 2-1: Ball 3-1: SINGLE (Flyball, 9LS) | Batting: RHB Marcos Liñares | 0-0: Swinging Strike 0-1: Called Strike 0-2: Foul Ball, location: 2F 0-2: Foul Ball, location: 2F 0-2: Strikes out swinging | Batting: RHB Pancho Reyna | 0-0: Grounds into double play, 4-6-3 (Groundball, 4) | Top of the 8th over - 0 runs, 1 hit, 0 errors, 0 left on base; Culver City 7 - Moose Jaw 7 | BOTTOM OF THE 8TH |
---|
Moose Jaw Ghostbusters batting - Pitching for Culver City Extras : LHP Alonso Álvarez | Batting: RHB Bob Cole | 0-0: Swinging Strike 0-1: Fly out, F3 (Popup, 3SF) | Batting: RHB Billy Mullins | 0-0: Ball 1-0: Called Strike 1-1: Foul Ball, location: 2F 1-2: Ball 2-2: DOUBLE (Line Drive, 7LM) | Batting: RHB Yasuhiko Sumita | 0-0: Intentional Walk | Batting: LHB Jon Scott | 0-0: Swinging Strike 0-1: Ball 1-1: Fielders Choice at 2nd, 1-6 (Groundball, 13S) Billy Mullins to third | Batting: SHB Martín Cruz | 0-0: Foul Ball, location: 2F 0-1: Foul Ball, location: 2F 0-2: Strikes out swinging | Bottom of the 8th over - 0 runs, 1 hit, 0 errors, 2 left on base; Culver City 7 - Moose Jaw 7 | TOP OF THE 9TH |
---|
Culver City Extras batting - Pitching for Moose Jaw Ghostbusters : LHP Teuk-chin Kim | Pitching: RHP Pancho Hernández | | Batting: RHB Horace Johnson | 0-0: Ball 1-0: Foul Ball, location: 2F 1-1: Ball 2-1: Ball 3-1: Base on Balls | Batting: LHB Jorge Martínez | 0-0: Sac Bunt - play at first, batter OUT! 5-4 Horace Johnson to second | Batting: LHB Randy Wiggins | 0-0: Ball 1-0: Called Strike 1-1: Ball 2-1: Ball 3-1: Foul Ball, location: 2F 3-2: Strikes out swinging | Batting: LHB Tony Smith | 0-0: Foul Ball, location: 2F 0-1: Foul Ball, location: 2F 0-2: Strikes out swinging | Top of the 9th over - 0 runs, 0 hits, 0 errors, 1 left on base; Culver City 7 - Moose Jaw 7 | BOTTOM OF THE 9TH |
---|
Moose Jaw Ghostbusters batting - Pitching for Culver City Extras : LHP Alonso Álvarez | Batting: LHB John Stone | 0-0: Ball 1-0: Called Strike 1-1: Fly out, F7 (Flyball, 78M) | Batting: SHB Glenn Vadnais | 0-0: Foul Ball, location: 2F 0-1: Ball 1-1: Hit by Pitch | Pitching: LHP Henry Brown | | Batting: LHB Tony Beck | 0-0: Ball 1-0: Ball 2-0: Foul Ball, location: 2F 2-1: SINGLE (Flyball, 9LS) Glenn Vadnais to second Runner from 2nd tries for 3rd, SAFE, throw made to third | Batting: RHB Aaron Murray | 0-0: Ball 1-0: Foul Ball, location: 2F 1-1: Foul Ball, location: 2F 1-2: Strikes out swinging | Batting: RHB Bob Cole | 0-0: Called Strike 0-1: Called Strike 0-2: Foul Ball, location: 2F 0-2: Ball 1-2: 3-RUN HOME RUN (Flyball, 7LD), Distance : 338 ft | Saturday, December 16th, 2017 - OOTP Baseball 18.8 Build 76 |
|